Construct Section Command Post
Selects Air and Sea Battlegroup
Construct Platoon Command Post
Construct Field Infirmary
Selects Commando Section Paradrop
Selects M1 Pack Howitzer Paradrop
6-pounder Anti-tank Gun Team
Unlock Bishop Self-propelled Artillery
Bishop Self-propelled Artillery
Bishop Self-propelled Artillery
Selects Incendiary Bombing Run
Construct Company Command Post
Unlock M3 Grant Medium Tanks
Unlock Towed 17-pounder Anti-tank Guns
17-pounder Anti-tank Gun Team